 Dungeon Crawl Stone Soup version 0.28-a0-1159-g27aa881441 (webtiles) character file.

Game seed: 6794992716337164657

375 BinkBink the Cudgeller (level 6, -4/37 HPs)
             Began as a Gargoyle Monk on Dec 15, 2021.
             Was an Elder of Nemelex Xobeh.
             Killed from afar by an orc wizard (11 damage)
             ... with a puff of flame
             ... on level 4 of the Dungeon.
             The game lasted 00:04:28 (2985 turns).

BinkBink the Cudgeller (Gargoyle Monk)              Turns: 2985, Time: 00:04:29

Health: -4/37      AC:  6    Str: 15    XL:     6   Next: 73%
Magic:  6/6        EV: 13    Int: 10    God:    Nemelex Xobeh [****..]
Gold:   104        SH:  0    Dex: 14    Spells: 5/5 levels left

rFire   . . .      SeeInvis .   a - +0 mace
rCold   . . .      Faith    .   (no shield)
rNeg    + . .      Spirit   .   b - +0 robe
rPois   ∞          Reflect  .   (no helmet)
rElec   +          Harm     .   (no cloak)
rCorr   .          Rampage  .   (no gloves)
Will    .....                   (no boots)
Stlth   +.........              (no amulet)
HPRegen 0.12/turn               (no ring)
MPRegen 0.10/turn               (no ring)

@: confused
A: sickness immunity, AC +4, negative energy resistance 1, electricity
resistance, torment resistance 1, petrification resistance
a: Renounce Religion, Draw Escape, Draw Destruction, Draw Summoning, Triple
Draw, Deal Four


You were on level 4 of the Dungeon.
You worshipped Nemelex Xobeh.
Nemelex Xobeh was greatly pleased with you.
You visited 1 branch of the dungeon, and saw 4 of its levels.

You collected 104 gold pieces.

Inventory:

Hand Weapons
 a - a +0 mace (weapon)
Armour
 b - a +0 robe (worn)
 e - a +0 chain mail
Scrolls
 d - a scroll of holy word {unknown}
 m - a scroll of identify {unknown}
Potions
 c - a potion of heal wounds {unknown}
 f - 2 potions of resistance {unknown}
 g - a potion of cancellation {unknown}
 h - a potion of brilliance {unknown}
 i - 2 potions of attraction {unknown}
 j - a potion of berserk rage {unknown}
 k - 5 potions of might {unknown}
 l - a potion of curing {unknown}
 n - a potion of degeneration {unknown}


   Skills:
 - Level 3.2 Fighting
 + Level 5.5 Maces & Flails
 + Level 4.6 Dodging
 - Level 2.1 Stealth


You had 5 spell levels left.
You didn't know any spells.
Your spell library contained the following spells:

 Spells                   Type           Power      Damage    Failure   Level
 Sandblast                Erth           0%         2d4       36%         1
 Passwall                 Tmut/Erth      0%         N/A       50%         2
 Wereblood                Tmut           0%         N/A       50%         2
 Stone Arrow              Conj/Erth      0%         3d7       75%         3
 Summon Hydra             Summ           0%         N/A       100%        7
 Sublimation of Blood     Necr           Unusable   N/A       N/A         2

Dungeon Overview and Level Annotations

Branches:
Dungeon (4/15)
 Temple: D:4-7

Altars:
Nemelex Xobeh
Zin

Shops:
D:3 [

Annotations:
D:2 1 runed translucent door, Crazy Yiuf


Innate Abilities, Weirdness & Mutations

You are immune to sickness and miasma.
Your stone body is resilient. (AC +4)
You are immune to poison.
You resist negative energy. (rN+)
You are resistant to electric shocks. (rElec)
You are resistant to unholy torment.
You are immune to petrification.


Message History

The bolt of acid hits the iguana!!
The acid corrodes the iguana!
You kill the iguana!
You draw a card...
You have drawn Vitriol.
Press: ? - help, Shift-Dir - straight line, f - orc
Aim: an orc, wielding a +0 mace and wearing a +0 ring mail The glob of acid hits the orc!!!
You kill the orc!
You draw a card...
You have drawn Wild Magic.
Sparks fly from the orc wizard's hands.
Heat is drained from the orc wizard.
You feel a surge of magic.
An adder skeleton comes into view.
You miss the orc wizard.
The orc wizard is moderately wounded.
The orc wizard casts a spell at you. The magic dart hits you!
The orc wizard casts a spell at you. The magic dart hits you!
You hit the orc wizard but do no damage.
The orc wizard is moderately wounded.
The orc wizard points at you and mumbles some strange words.
The puff of flame hits you.
The orc wizard points at you and mumbles some strange words.
You are confused.
You are too injured to fight recklessly!
You hit the orc wizard but do no damage.
The orc wizard is moderately wounded.
The orc wizard hits you with a +0 dagger. x2
There is a stone staircase leading up here.
The orc wizard gestures at you while chanting.
The puff of flame hits you.
* * * LOW HITPOINT WARNING * * *
The orc wizard hits you but does no damage.
In your confused state, you trip and fall back down the stairs.
* * * LOW HITPOINT WARNING * * *
The orc wizard barely misses you. The orc wizard casts a spell at you.
The puff of flame hits you!
You die...
Your body disappears without a glow.

..........(≈≈≈≈.
...........≈≈≈≈≈
...........≈≈≈≈≈
.....>.....≈≈≈≈
.........≈≈≈≈
#..†....≈≈≈≈
#.......≈≈≈
#@o)...≈≈≈
#.o$...[≈≈
#.......≈≈
#....##...
#...## .. #..##
. #.## ###


You could see 2 orc wizards.

Vanquished Creatures
  Sigmund (D:2)
  A jelly (D:3)
  Jessica (D:3)
  An iguana (D:4)
  Terence (D:3)
  A gnoll (D:1)
  4 adders (D:3)
  3 worms
  3 dart slugs
  3 orcs
  2 bats
  3 endoplasms (D:1)
  4 giant cockroaches (D:1)
  9 goblins
  6 hobgoblins
  4 jackals (D:3)
  6 kobolds
  A quokka (D:2)
  4 ball pythons
  2 frilled lizards
  4 rats
64 creatures vanquished.

Notes
Turn   | Place    | Note
-------+----------+-------------------------------------------
     0 | D:1      | BinkBink the Gargoyle Monk began the quest for the Orb.
     0 | D:1      | Reached XP level 1. HP: 14/14 MP: 1/1
   163 | D:1      | Reached XP level 2. HP: 10/19 MP: 2/2
   641 | D:1      | Reached XP level 3. HP: 19/23 MP: 3/3
   688 | D:1      | Found a faded altar of an unknown god.
   696 | D:1      | Prayed at the altar of an unknown god.
   696 | D:1      | Became a worshipper of Nemelex Xobeh the Trickster
   696 | D:1      | Reached * piety under Nemelex Xobeh
   696 | D:1      | Received a gift from Nemelex Xobeh
   696 | D:1      | Reached ** piety under Nemelex Xobeh
   696 | D:1      | Received a gift from Nemelex Xobeh
   946 | D:2      | Found a glowing silver altar of Zin.
  1576 | D:2      | Noticed Sigmund
  1580 | D:2      | Killed Sigmund
  1581 | D:2      | Reached skill level 4 in Maces & Flails
  1581 | D:2      | Reached XP level 4. HP: 28/28 MP: 4/4
  1581 | D:2      | Reached XP level 5. HP: 32/32 MP: 5/5
  1725 | D:2      | Reached *** piety under Nemelex Xobeh
  1733 | D:2      | Found a runed translucent door.
  1734 | D:2      | Noticed Crazy Yiuf
  2193 | D:3      | Reached skill level 5 in Maces & Flails
  2193 | D:3      | Reached XP level 6. HP: 37/37 MP: 6/6
  2194 | D:3      | Found Yradix's Armour Shoppe.
  2195 | D:3      | Received a gift from Nemelex Xobeh
  2512 | D:3      | Received a gift from Nemelex Xobeh
  2781 | D:3      | Reached **** piety under Nemelex Xobeh
  2839 | D:3      | Noticed Terence
  2841 | D:3      | Killed Terence
  2847 | D:3      | Noticed Jessica
  2848 | D:3      | Killed Jessica
  2985 | D:4      | Killed from afar by an orc wizard

Illustrated notes

Levels and vault maps discovered:
D:1:      dpeg_arrival_chambers_temple_mockup, layout_basic,
          hellmonk_ecumenical_altar_zigzags
D:2:      layout_basic, basic_altar, uniq_sigmund, uniq_crazy_yiuf_cottage
D:3:      layout_loops_ring, serial_shops, shop, uniq_jessica, uniq_terence
D:4:      wander_river, layout_cave_pools, mainiacjoe_overflow_boulevard,
          kennysheep_generic_room_8, uniq_eustachio

Skill      XL: |  1  2  3  4  5 |
---------------+----------------+-----
Dodging        | 3 4 |  4.6
Maces & Flails | 4 5 |  5.5
Fighting       | |  3.2
Stealth        | |  2.1

Action                   |  1- 3 |  4- 6 || total
-------------------------+-------+-------++-------
Melee: Mace              |    80 |    83 ||   163
Invok: Draw Destruction  |     3 |    10 ||    13
 Stab: Sleeping          |     7 |     2 ||     9
Armor: Robe              |    14 |    16 ||    30
Dodge: Dodged            |    50 |    56 ||   106

Table legend: (Time is in decaauts)
 A = Elapsed time spent in this place.
 B = Non-inter-level travel time spent in this place.
 C = Inter-level travel time spent in this place.
 D = Time resting spent in this place.
 E = Time spent auto-exploring this place.
 F = Levels seen in this place.
 G = Mean time per level.
                   A        B        C        D        E       F      G
               +--------+--------+--------+--------+--------+-----+--------+
         Total |   3012 |   2943 |     69 |      0 |   2439 |   4 |  753.0 |
       Dungeon |   3012 |   2943 |     69 |      0 |   2439 |   4 |  753.0 |
               +--------+--------+--------+--------+--------+-----+--------+

Top non-repeatable levels by time:
     D:2: 1184 daAuts
     D:1: 950 daAuts
     D:3: 867 daAuts
     D:4: 10 daAuts
